 Dungeon Crawl Stone Soup version 0.27-a0-695-gb4952372f7 (webtiles) character file.

Game seed: 2724881567587491768

553 Gaff the Slinger (level 7, -8/44 HPs)
             Began as a Halfling Hunter on Mar 22, 2021.
             Was a Follower of Wu Jian.
             Shot with an arrow by a centaur (14 damage)
             ... on level 5 of the Dungeon.
             The game lasted 00:17:34 (6372 turns).

Gaff the Slinger (Halfling Hunter)                  Turns: 6372, Time: 00:17:34

Health: -8/44      AC:  3    Str: 15    XL:     7   Next: 55%
Magic:  7/7        EV: 15    Int:  9    God:    Wu Jian [*.....]
Gold:   183        SH:  0    Dex: 21    Spells: 6/6 levels left

rFire    . . .     SeeInvis .   b - +0 short sword
rCold    . . .     Faith    .   (shield restricted)
rNeg     + . .     Spirit   .   c - +0 leather armour
rPois    .         Reflect  .   (no helmet)
rElec    .         Harm     .   (no cloak)
rCorr    .         Rampage  .   (no gloves)
Will     .....                  (no boots)
Stlth    ++........             (no amulet)
HPRegen  0.14/turn              w - ring of positive energy
MPRegen  0.10/turn              l - +6 ring of dexterity

@: no status effects
A: small, no large weapons, mutation resistance 1
a: Renounce Religion


You were on level 5 of the Dungeon.
You worshipped Wu Jian.
Wu Jian was aware of your devotion.
You visited 1 branch of the dungeon, and saw 5 of its levels.

You collected 183 gold pieces.

Inventory:

Hand Weapons
 a - a +1 hunting sling
 b - a +0 short sword (weapon)
 e - a +0 mace
 z - a +0 flail
Missiles
 d - 60 sling bullets
 h - 101 stones (quivered)
Armour
 c - a +0 leather armour (worn)
Jewellery
 k - a ring of resist corrosion
 l - a +6 ring of dexterity (left hand)
 o - a ring of fire
 v - a ring of protection from cold
 w - a ring of positive energy (right hand)
 C - a +6 ring of intelligence
Scrolls
 f - 2 scrolls of magic mapping {unknown}
 n - a scroll of random uselessness {unknown}
 q - a scroll of immolation {unknown}
 r - a scroll of torment
 t - a scroll of acquirement {unknown}
 u - a scroll of teleportation
 A - a scroll of fear
Potions
 g - a potion of might {unknown}
 i - 2 potions of curing {unknown}
 j - 2 potions of heal wounds {unknown}
 m - a potion of berserk rage {unknown}
 p - a potion of degeneration {unknown}
 s - a potion of lignification {unknown}
 x - a potion of invisibility {unknown}
 B - a potion of flight {unknown}


   Skills:
 + Level 1.9 Fighting
 * Level 11.1 Slings
 + Level 3.0 Dodging
 - Level 3.0 Stealth


You had 6 spell levels left.
You didn't know any spells.
Your spell library contained the following spells:

 Spells                   Type           Power      Damage    Failure   Level
 Corona                   Hex            0%         N/A       45%         1
 Magic Dart               Conj           0%         1d3       45%         1
 Blink                    Tloc           N/A        N/A       58%         2
 Call Imp                 Summ           0%         N/A       58%         2
 Ensorcelled Hibernation  Hex/Ice        0%         N/A       58%         2
 Slow                     Hex            0%         N/A       58%         2
 Confusing Touch          Hex            0%         N/A       83%         3
 Conjure Flame            Conj/Fire      0%         6-21      83%         3
 Dazzling Flash           Conj/Hex       0%         N/A       83%         3
 Mephitic Cloud           Conj/Pois/Air  0%         N/A       83%         3
 Tukima's Dance           Hex            0%         N/A       83%         3


Dungeon Overview and Level Annotations

Branches:
Dungeon (5/15)
 Temple: D:4-7

Altars:
Dithmenos
Ru
Sif Muna
Wu Jian

Shops:
D:3 (

Annotations:
D:2 1 runed translucent door, Crazy Yiuf
D:4 exclusion: ogre, Edmund


Innate Abilities, Weirdness & Mutations

You are small and have problems with some larger weapons.
You are somewhat resistant to further mutation.


Message History

The hound closely misses you. The hound barely misses you.
You hit the hound.
You kill the hound!
The Council accepts your kill.
Your Dodging skill increases to level 3!
You start resting.
HP restored.
Found a glowing golden potion.
h - 98 stones (gained 1)
h - 100 stones (gained 2)
h - 101 stones (gained 1)
As you read the scroll labelled POR DOW DOUDD, it crumbles to dust.
Your body is wracked with pain!
It was a scroll of torment.
Okay, then.
You start resting.
HP restored.
As you read the scroll labelled NORGHEVESID, it crumbles to dust.
It is a scroll of identify.
A - a scroll of fear
As you read the scroll of identify, it crumbles to dust.
u - a scroll of teleportation You see here a +0 ring mail.
A centaur comes into view.
The centaur shouts!
The centaur wields a +0 shortbow.
The centaur shoots an arrow.
The arrow hits you!
You see here a glowing golden potion.
The centaur shoots an arrow.
The arrow hits you!
* * * LOW HITPOINT WARNING * * *
You see here a +0 ring mail.
The centaur shoots an arrow.
The arrow misses you.
The centaur shoots an arrow.
The arrow hits you!
* * * LOW HITPOINT WARNING * * *
The centaur shoots an arrow.
The arrow hits you.
* * * LOW HITPOINT WARNING * * *
The centaur shoots an arrow.
The arrow closely misses you.
i - 2 glowing golden potions (gained 1)
You see here a +0 ring mail.
The centaur shoots an arrow.
The arrow hits you!
You die...

#.##.# #.##.#
#.##.# #.##.##.#
##.####.##.##.####
........c.........
#.####.##.##.###
#[##.##.# #@##.##.#
#.##.##.####
#.##.c.....#
###.#####.#########
#.................#
#.#.#####.#######.#
#.#...# #.# #.###.#
# ###.# #.# #..<#.#
#.# #.# #.###.#


You could see a centaur.

Vanquished Creatures
  A phantom (D:4)
  A scorpion (D:3)
  A vampire bat (D:3)
  An orc priest (D:4)
  2 hounds
  A bullfrog skeleton (D:5)
  3 orc wizards (D:3)
  3 adders
  5 dart slugs
  3 fire bats (D:3)
  A leopard gecko (D:1)
  6 orcs
  2 spectral bats (D:3)
  3 bat skeletons (D:3)
  A bat zombie (D:3)
  5 giant cockroaches
  16 goblins
  5 hobgoblins
  3 kobolds
  4 quokkas
  17 bats
  A bat simulacrum (D:3)
  2 frilled lizards
  6 rats
93 creatures vanquished.

Notes
Turn   | Place    | Note
-------+----------+-------------------------------------------
     0 | D:1      | Gaff the Halfling Hunter began the quest for the Orb.
     0 | D:1      | Reached XP level 1. HP: 14/14 MP: 1/1
   174 | D:1      | Reached skill level 6 in Slings
   177 | D:1      | Reached XP level 2. HP: 13/19 MP: 2/2
   885 | D:1      | Reached XP level 3. HP: 6/24 MP: 3/3
  1509 | D:2      | Reached skill level 7 in Slings
  1791 | D:2      | Reached XP level 4. HP: 27/29 MP: 4/4
  1870 | D:2      | Found a runed translucent door.
  1871 | D:2      | Noticed Crazy Yiuf
  2453 | D:3      | Found a faded altar of an unknown god.
  2995 | D:3      | Reached XP level 5. HP: 26/34 MP: 5/5
  3114 | D:3      | Found Coimasee's Weapon Shop.
  3158 | D:3      | Reached skill level 8 in Slings
  3292 | D:3      | Found a sacrificial altar of Ru.
  3532 | D:3      | Reached skill level 9 in Slings
  3532 | D:3      | Reached XP level 6. HP: 34/39 MP: 6/6
  4059 | D:3      | Became a worshipper of the Wu Jian Council
  4059 | D:3      | Reached * piety under Wu Jian
  4190 | D:4      | Reached skill level 10 in Slings
  4264 | D:4      | Noticed an ogre
  4448 | D:4      | Found a shadowy altar of Dithmenos.
  4660 | D:3      | Reached XP level 7. HP: 20/44 MP: 7/7
  5553 | D:4      | Found a shimmering blue altar of Sif Muna.
  5634 | D:4      | Reached skill level 11 in Slings
  5733 | D:4      | Noticed Edmund
  5856 | D:5      | Entered Level 5 of the Dungeon
  6372 | D:5      | Shot with an arrow by a centaur

Illustrated notes

Levels and vault maps discovered:
D:1:      dpeg_arrival_three_smaller_balls, layout_rooms
D:2:      minmay_spotlight, layout_loops_ring, uniq_crazy_yiuf_cottage
D:3:      layout_rooms, marbit_many_paths, serial_shops, shop,
          chequers_ecumenical_altar_island, goddamned_bats
D:4:      minmay_chambers_of_fours, layout_basic,
          nicolae_dithmenos_shadow_blocks, nicolae_overflow_crystal_walls,
          minmay_ogre_servants, uniq_edmund
D:5:      layout_basic, grunt_temple_overflow_lords_of_destruction,
          elyvilon_altar_1, uniq_duvessa, uniq_eustachio, uniq_ijyb

Skill      XL: |  1  2  3  4  5  6  7 |
---------------+----------------------+-----
Slings         | 6 7 9 10 11 | 11.1
Stealth        | 2 3 |  3.0
Dodging        | 3 |  3.0
Fighting       | |  1.9

Action                   |  1- 3 |  4- 6 |  7- 9 || total
-------------------------+-------+-------+-------++-------
Melee: Mace              |    75 |       |       ||    75
       Short sword       |    17 |   144 |    57 ||   218
       Flail             |       |       |    17 ||    17
       Hunting sling     |       |       |     1 ||     1
 Fire: Hunting sling     |    11 |    75 |    15 ||   101
Throw: Stone             |       |     1 |       ||     1
Invok: Lunge             |       |     1 |     4 ||     5
       Whirlwind         |       |       |     5 ||     5
  Use: Scroll            |       |       |     3 ||     3
 Stab: Sleeping          |     4 |     3 |     3 ||    10
       Distracted        |     1 |       |       ||     1
Armor: Leather armour    |    28 |    67 |     7 ||   102
Dodge: Dodged            |    92 |   177 |    57 ||   326

Table legend: (Time is in decaauts)
 A = Elapsed time spent in this place.
 B = Non-inter-level travel time spent in this place.
 C = Inter-level travel time spent in this place.
 D = Time resting spent in this place.
 E = Time spent auto-exploring this place.
 F = Levels seen in this place.
 G = Mean time per level.
                   A        B        C        D        E       F      G
               +--------+--------+--------+--------+--------+-----+--------+
         Total |   6406 |   6021 |    385 |   2522 |   1749 |   5 | 1281.2 |
       Dungeon |   6406 |   6021 |    385 |   2522 |   1749 |   5 | 1281.2 |
               +--------+--------+--------+--------+--------+-----+--------+

Top non-repeatable levels by time:
     D:3: 2240 daAuts
     D:1: 1466 daAuts
     D:2: 1133 daAuts
     D:4: 1071 daAuts
     D:5: 494 daAuts
